 Dungeon Crawl Stone Soup version 0.30-a0-913-g9934a0ce24 (webtiles) character file.

Game seed: 16808873769423305427

389 Pimp the Sneak (level 6, -4/41 HPs)
             Began as a Vampire Enchanter on Mar 19, 2023.
             Slain by an orc priest
             ... wielding a +0 trident
              (7 damage)
             ... on level 3 of the Dungeon.
             The game lasted 00:06:27 (2991 turns).

Pimp the Sneak (Vampire Enchanter)                  Turns: 2991, Time: 00:06:27

Health: -4/41      AC:  5    Str:  7    XL:     6   Next: 49%
Magic:  8/10       EV: 13    Int: 26    God:
Gold:   276        SH:  0    Dex: 14    Spells: 5/11 levels left

rFire   . . .      SeeInvis +    i - +3 dagger (drain)
rCold   . . .      Faith    .    (no shield)
rNeg    . . .      Spirit   .    b - +2 robe
rPois   .          Reflect  .    (no helmet)
rElec   .          Rampage  .    e - +0 cloak
rCorr   .                        (no gloves)
Will    .....                    (no boots)
Stlth   +++                      (no amulet)
HPRegen 0.46/turn                m - +6 ring of intelligence
MPRegen 0.12/turn                (no ring)

@: healing quickly
A: alive, fangs 3, see invisible, vampiric 2
a: Exsanguinate


You were on level 3 of the Dungeon.
You visited 1 branch of the dungeon, and saw 4 of its levels.

You collected 276 gold pieces.

Inventory:

Hand Weapons
 a - a +1 dagger
 f - a +0 rapier
 i - a +3 dagger of draining (weapon)
 s - a +1 dagger of venom
Armour
 b - a +2 robe (worn)
 e - a +0 cloak (worn)
Jewellery
 m - a +6 ring of intelligence (left hand)
Wands
 l - a wand of roots (13)
 r - a wand of digging (4)
 u - a wand of light (2)
Scrolls
 g - 3 scrolls of magic mapping
 k - a scroll of noise
 n - 2 scrolls of amnesia {unknown}
 o - a scroll of butterflies {unknown}
 p - a scroll of vulnerability {unknown}
 t - 3 scrolls of identify {unknown}
Potions
 c - a potion of invisibility
 d - a potion of might {unknown}
 h - 3 potions of heal wounds {unknown}
 j - 2 potions of curing
 q - a potion of berserk rage {unknown}


   Skills:
 + Level 2.9 Short Blades
 + Level 3.6 Dodging
 - Level 7.0 Stealth
 + Level 3.0 Spellcasting
 + Level 5.7 Hexes
 + Level 2.2 Transmutations


You had 5 spell levels left.
You knew the following spells:

 Your Spells              Type           Power      Damage    Failure   Level
a - Beastly Appendage     Tmut           30%        N/A       3%          1
b - Ensorcelled Hibernat  Hex/Ice        36%        N/A       4%          2
c - Confusing Touch       Hex            33%        N/A       2%          3

Your spell library contained the following spells:

 Spells                   Type           Power      Damage    Failure   Level
 Tukima's Dance           Hex            33%        N/A       2%          3
 Dazzling Flash           Conj/Hex       36%        N/A       9%          3
 Freeze                   Ice            12%        1d3       10%         1
 Frozen Ramparts          Ice            6%         1d1       28%         3
 Hailstorm                Conj/Ice       3%         3d3       28%         3


Dungeon Overview and Level Annotations

Branches:
Dungeon (4/15)
 Temple: D:4-7

Altars:
Qazlal
Yredelemnul


Innate Abilities, Weirdness & Mutations

Your natural rate of healing is accelerated.
You have razor-sharp teeth.
You have supernaturally acute eyesight. (SInv)
You are afflicted with vampirism and can become a bat while bloodless.


Message History

You hit the orc wizard but do no damage.
The orc wizard barely misses you. The orc closely misses you.
You hit the orc wizard. You drain the orc wizard.
Your bite misses the orc wizard.
The orc wizard is heavily wounded.
The orc wizard casts a spell at you. The puff of flame hits you.
The orc hits you from afar with a +0 trident.
You hit the orc wizard. You drain the orc wizard.
The orc wizard is severely wounded.
The orc wizard gestures at you while chanting.
The magic dart hits you. The orc barely misses you.
You hit the orc wizard. You drain the orc wizard.
The orc wizard is almost dead.
The orc wizard hits you with a +0 dagger.
The orc misses you.
You hit the orc wizard.
You kill the orc wizard!
The orc misses you.
Your life force feels restored.
You closely miss the orc priest. You barely miss the orc priest.
The orc completely misses you.
The orc priest hits you with a +0 falchion.
* * * LOW HITPOINT WARNING * * *
You feel better. The orc priest misses you.
The orc hits you but does no damage. The orc priest closely misses you.
You hit the orc priest.
The orc priest is lightly wounded.
The orc priest hits you from afar with a +0 trident.
The orc barely misses you.
You closely miss the orc priest.
The orc priest is lightly wounded.
The orc priest invokes the aid of Beogh against you.
Beogh smites you!
* * * LOW HITPOINT WARNING * * *
The orc closely misses you. The orc priest barely misses you.
You hit the orc priest. You drain the orc priest.
The orc priest is heavily wounded.
The orc priest hits you from afar with a +0 trident!
You die...

# #....†...##...............#
#.###..###.#..........#######.#
#......###....#.......# #####.##
#..#.........#...###..###.......
... ##...........##
##.........#. .. ##.##.#..#.##
##.#..###.#. #.###....#.# #....#
#).. #.####.#..).## ##...<###.#.
.........†.##@## #.........#.
..######.#.####o###.######.###.
#.. #.#.# #oo..# #.# #. #.
#.......o...# #[# #.
##........## #.# ## #####....#
#.# # #....# #.# .....# #.####
##.#..# #.....


You could see 2 orc priests and 2 orcs.

Vanquished Creatures
  A black bear (D:4)
  A bullfrog (D:4)
  2 orc wizards (D:3)
  A scorpion zombie (D:4)
  5 adders
  An adder zombie (D:4)
  2 worms
  2 dart slugs
  6 orcs
  A ball python (D:3)
  7 bats
  12 endoplasms
  4 giant cockroaches
  15 goblins
  12 hobgoblins
  3 jackals (D:4)
  4 kobolds
  3 quokkas
  4 frilled lizards (D:2)
  7 rats
93 creatures vanquished.

Notes
Turn   | Place    | Note
-------+----------+-------------------------------------------
     0 | D:1      | Pimp the Vampire Enchanter began the quest for the Orb.
     0 | D:1      | Reached XP level 1. HP: 13/13 MP: 3/3
    79 | D:1      | Found a faded altar of an unknown god.
    90 | D:1      | Got Plato's Volume of Transfiguration
   133 | D:1      | Reached XP level 2. HP: 19/19 MP: 5/5
   238 | D:1      | Learned a level 1 spell: Beastly Appendage
   241 | D:1      | Learned a level 2 spell: Ensorcelled Hibernation
   618 | D:1      | Reached skill level 5 in Stealth
   875 | D:2      | Gained mutation: You are afflicted with vampirism and can
                  | become a bat while bloodless. [Vampire growth]
   875 | D:2      | Reached XP level 3. HP: 24/24 MP: 6/6
  1184 | D:2      | Reached skill level 1 in Transmutations
  1247 | D:2      | Reached XP level 4. HP: 20/30 MP: 7/7
  1276 | D:2      | Learned a level 3 spell: Confusing Touch
  1667 | D:3      | You fall into a shaft and drop 1 floor!
  1683 | D:4      | Noticed a bullfrog
  1712 | D:4      | Killed a bullfrog
  1713 | D:4      | Reached skill level 6 in Stealth
  1713 | D:4      | Reached skill level 5 in Hexes
  1713 | D:4      | Reached XP level 5. HP: 10/35 MP: 8/8
  1870 | D:4      | Found a stormy altar of Qazlal.
  1873 | D:4      | Noticed a black bear
  1876 | D:4      | Killed a black bear
  2186 | D:4      | Reached XP level 6. HP: 41/41 MP: 10/10
  2439 | D:4      | Found a basalt altar of Yredelemnul.
  2980 | D:3      | Reached skill level 7 in Stealth
  2990 | D:3      | HP: 2/41 [orc priest/divine providence (13)]
  2991 | D:3      | Slain by an orc priest

Illustrated notes

Levels and vault maps discovered:
D:1:      ncdulo_lavacross, layout_basic, shapermc_ecumenical_altar_rom_forum,
          st_stairs_3
D:2:      layout_basic
D:3:      layout_loops_ring, minmay_bisected
D:4:      cheibrodos_greedy_goblins, layout_basic, lemuel_doored_altar,
          lemuel_zombie_altar_yredelemnul

Skill      XL: |  1  2  3  4  5  6 |
---------------+-------------------+-----
Stealth        | 5 6 7 |  7.0
Transmutations | 1 2 |  2.2
Short Blades   | 2 |  2.9
Dodging        | 3 |  3.6
Hexes          | 5 |  5.7
Spellcasting   | 3 |  3.0

Action                     |  1- 3 |  4- 6 || total
---------------------------+-------+-------++-------
  Melee: Dagger            |   113 |   157 ||   270
         Kick              |     2 |       ||     2
         Bite              |     7 |     8 ||    15
         Headbutt          |     1 |       ||     1
         Rapier            |     5 |       ||     5
         Punch             |     1 |     1 ||     2
   Cast: Beastly Appendage |     3 |       ||     3
         Confusing Touch   |       |     1 ||     1
    Use: Scroll            |     6 |     2 ||     8
         Potion            |       |     3 ||     3
   Stab: Sleeping          |     6 |     9 ||    15
         Distracted        |     1 |       ||     1
         Invisible         |       |     6 ||     6
 Armour: Robe              |    39 |    67 ||   106
  Dodge: Dodged            |    67 |   192 ||   259

Table legend: (Time is in decaauts)
 A = Elapsed time spent in this place.
 B = Non-inter-level travel time spent in this place.
 C = Inter-level travel time spent in this place.
 D = Time resting spent in this place.
 E = Time spent auto-exploring this place.
 F = Levels seen in this place.
 G = Mean time per level.
                   A        B        C        D        E       F      G
               +--------+--------+--------+--------+--------+-----+--------+
         Total |   2961 |   2880 |     81 |    210 |   1947 |   4 |  740.2 |
       Dungeon |   2961 |   2880 |     81 |    210 |   1947 |   4 |  740.2 |
               +--------+--------+--------+--------+--------+-----+--------+

Top non-repeatable levels by time:
     D:4: 876 daAuts
     D:1: 848 daAuts
     D:2: 732 daAuts
     D:3: 504 daAuts
